SA
WASHINGTON GENERALS @ BELLEVUE BRUINS
07/25/2028
 
TOP OF THE 1ST
Washington Generals batting - Pitching for Bellevue Bruins : LHP Miguel Jiménez
Pitching: LHP Miguel Jiménez
Batting: RHB David Tineo 0-0: Ball
1-0: Foul Ball, location: 2F
1-1: Ground out 6-3 (Groundball, 6S)
Batting: SHB Pedro Villarreal 0-0: Ball
1-0: Fly out, F8 (Flyball, 8RS)
Batting: RHB Jason Alston 0-0: Foul Ball, location: 2F
0-1: Called Strike
0-2: Strikes out swinging
Top of the 1st over - 0 run(s), 0 hit(s), 0 error(s), 0 left on base; Washington 0 - Bellevue 0
BOTTOM OF THE 1ST
Bellevue Bruins batting - Pitching for Washington Generals : LHP Marco Sledge
Pitching: LHP Marco Sledge
Batting: RHB Chris Knight 0-0: Ball
1-0: Called Strike
1-1: Ball
2-1: Swinging Strike
2-2: Ball
3-2: DOUBLE (Groundball, 5L)
Batting: LHB Domingo Colón 0-0: SINGLE (Groundball, 34S) (infield hit)
Chris Knight to third
Batting: SHB Aurelio Jiménez 0-0: Foul Ball, location: 2F
0-1: Ball
Wild Pitch!
Chris Knight scores
Domingo Colón to second
1-1: Called Strike
1-2: Strikes out swinging
Batting: RHB Miguel Elías 0-0: Ground out 5-3 (Groundball, 56)
Batting: RHB Richard Cutshall 0-0: Fly out, F9 (Flyball, 89M)
Bottom of the 1st over - 1 run(s), 2 hit(s), 0 error(s), 1 left on base; Washington 0 - Bellevue 1
TOP OF THE 2ND
Washington Generals batting - Pitching for Bellevue Bruins : LHP Miguel Jiménez
Batting: RHB Mauro Deleón 0-0: Ball
1-0: Fly out, F7 (Line Drive, 78M)
Batting: RHB Chad Silander 0-0: Ball
1-0: Ball
2-0: Fly out, F8 (Flyball, 8LS)
Batting: RHB Franklin Rascón 0-0: Ball
1-0: SINGLE (Line Drive, 6MD)
Batting: RHB Ricardo Bruno 0-0: Called Strike
Franklin Rascón steals 2nd base
0-1: Swinging Strike
0-2: Ball
1-2: Ball
2-2: Fly out, F8 (Flyball, 8RM)
Top of the 2nd over - 0 run(s), 1 hit(s), 0 error(s), 1 left on base; Washington 0 - Bellevue 1
BOTTOM OF THE 2ND
Bellevue Bruins batting - Pitching for Washington Generals : LHP Marco Sledge
Batting: SHB Júlio Morín Jr. 0-0: Called Strike
0-1: Called Strike
0-2: Ball
1-2: Ball
2-2: Strikes out looking
Batting: RHB Ernesto Trevino 0-0: Ground out 2-3 (Groundball, 15S)
Batting: LHB David Muller 0-0: Called Strike
0-1: Foul Ball, location: 2F
0-2: Foul Ball, location: 2F
0-2: Foul Ball, location: 2F
0-2: Ball
1-2: Ball
2-2: Strikes out swinging
Bottom of the 2nd over - 0 run(s), 0 hit(s), 0 error(s), 0 left on base; Washington 0 - Bellevue 1
TOP OF THE 3RD
Washington Generals batting - Pitching for Bellevue Bruins : LHP Miguel Jiménez
Batting: RHB Mike Lipide 0-0: Called Strike
0-1: Called Strike
0-2: Ball
1-2: Foul Ball, location: 2F
1-2: Strikes out swinging
Batting: RHB Alonso Vielma 0-0: Fly out, F8 (Flyball, 8RM)
Batting: RHB David Tineo 0-0: Foul Ball, location: 2F
0-1: Called Strike
0-2: Ball
1-2: Foul Ball, location: 2F
1-2: Strikes out swinging
Top of the 3rd over - 0 run(s), 0 hit(s), 0 error(s), 0 left on base; Washington 0 - Bellevue 1
BOTTOM OF THE 3RD
Bellevue Bruins batting - Pitching for Washington Generals : LHP Marco Sledge
Batting: RHB Ramón Ramírez 0-0: Fly out, F8 (Flyball, 78D)
Batting: RHB Chris Knight 0-0: Called Strike
0-1: Ball
1-1: Ball
2-1: Fly out, F6 (Line Drive, 6MD)
Batting: LHB Domingo Colón 0-0: Called Strike
0-1: Called Strike
0-2: Foul Ball, location: 2F
0-2: Ball
1-2: Fly out, F8 (Line Drive, 8LM)
Bottom of the 3rd over - 0 run(s), 0 hit(s), 0 error(s), 0 left on base; Washington 0 - Bellevue 1
TOP OF THE 4TH
Washington Generals batting - Pitching for Bellevue Bruins : LHP Miguel Jiménez
Batting: SHB Pedro Villarreal 0-0: Ball
1-0: Ball
2-0: Called Strike
2-1: Ball
3-1: Fly out, F6 (Line Drive, 6)
Batting: RHB Jason Alston 0-0: Foul Ball, location: 2F
0-1: Ball
1-1: Ball
2-1: Ball
3-1: Base on Balls
Batting: RHB Mauro Deleón 0-0: Ball
1-0: Ball
Jason Alston steals 2nd base
2-0: Called Strike
Jason Alston is caught stealing 3rd base
2-1: Called Strike
2-2: Ball
3-2: DOUBLE (Flyball, 9D)
Batting: RHB Chad Silander 0-0: Ball
1-0: Ball
2-0: Called Strike
2-1: Foul Ball, location: 2F
2-2: SINGLE (Groundball, 34S) (infield hit)
Mauro Deleón to third
Batting: RHB Franklin Rascón 0-0: 3-RUN HOME RUN (Flyball, 7LD), Distance : 356 ft
Batting: RHB Ricardo Bruno 0-0: Fly out, F9 (Flyball, 9LD)
Top of the 4th over - 3 run(s), 3 hit(s), 0 error(s), 0 left on base; Washington 3 - Bellevue 1
BOTTOM OF THE 4TH
Bellevue Bruins batting - Pitching for Washington Generals : LHP Marco Sledge
Batting: SHB Aurelio Jiménez 0-0: Ball
1-0: Ball
2-0: Called Strike
2-1: Called Strike
2-2: Foul Ball, location: 2F
2-2: Ground out 5-3 (Groundball, 56)
Batting: RHB Miguel Elías 0-0: Ball
1-0: Ball
2-0: Fly out, F9 (Line Drive, 9)
Batting: RHB Richard Cutshall 0-0: Ball
1-0: SINGLE (Line Drive, 56)
Batting: SHB Júlio Morín Jr. 0-0: Called Strike
0-1: Fielders Choice at 2nd, 6-4 (Groundball, 6)
Bottom of the 4th over - 0 run(s), 1 hit(s), 0 error(s), 0 left on base; Washington 3 - Bellevue 1
TOP OF THE 5TH
Washington Generals batting - Pitching for Bellevue Bruins : LHP Miguel Jiménez
Batting: RHB Mike Lipide 0-0: Ball
1-0: Swinging Strike
1-1: Ball
2-1: Ground out 6-3 (Groundball, 6)
Batting: RHB Alonso Vielma 0-0: Ball
1-0: Swinging Strike
1-1: Ground out 4-3 (Groundball, 4)
Batting: RHB David Tineo 0-0: Called Strike
0-1: Ball
1-1: Ball
2-1: Called Strike
2-2: Ball
3-2: Foul Ball, location: 2F
3-2: SINGLE (Groundball, 56D)
Batting: SHB Pedro Villarreal 0-0: Ball
1-0: Swinging Strike
1-1: Ball
David Tineo is caught stealing 2nd base
Top of the 5th over - 0 run(s), 1 hit(s), 0 error(s), 0 left on base; Washington 3 - Bellevue 1
BOTTOM OF THE 5TH
Bellevue Bruins batting - Pitching for Washington Generals : LHP Marco Sledge
Batting: RHB Ernesto Trevino 0-0: Swinging Strike
0-1: Ball
1-1: Swinging Strike
1-2: Strikes out swinging
Batting: LHB David Muller 0-0: Ball
1-0: Foul Ball, location: 2F
1-1: Called Strike
1-2: Strikes out swinging
Batting: RHB Ramón Ramírez 0-0: Ball
1-0: Swinging Strike
1-1: Ground out 4-3 (Groundball, 4)
Bottom of the 5th over - 0 run(s), 0 hit(s), 0 error(s), 0 left on base; Washington 3 - Bellevue 1
TOP OF THE 6TH
Washington Generals batting - Pitching for Bellevue Bruins : LHP Miguel Jiménez
Batting: SHB Pedro Villarreal 0-0: Swinging Strike
0-1: Foul Ball, location: 2F
0-2: Ball
1-2: Ball
2-2: Fly out, F8 (Flyball, 8RM)
Batting: RHB Jason Alston 0-0: Called Strike
0-1: Ball
1-1: Foul Ball, location: 2F
1-2: Ground out 6-3 (Groundball, 6)
Batting: RHB Mauro Deleón 0-0: Called Strike
0-1: Called Strike
0-2: Ball
1-2: Fly out, F7 (Flyball, 78M)
Top of the 6th over - 0 run(s), 0 hit(s), 0 error(s), 0 left on base; Washington 3 - Bellevue 1
BOTTOM OF THE 6TH
Bellevue Bruins batting - Pitching for Washington Generals : LHP Marco Sledge
Batting: RHB Chris Knight 0-0: Fly out, F8 (Flyball, 8RM)
Batting: LHB Domingo Colón 0-0: Hit by Pitch
Batting: SHB Aurelio Jiménez 0-0: Called Strike
0-1: Called Strike
0-2: Foul Ball, location: 2F
0-2: Ball
1-2: Foul Ball, location: 2F
1-2: Strikes out swinging
Batting: RHB Miguel Elías 0-0: Fly out, F5 (Popup, 56)
Bottom of the 6th over - 0 run(s), 0 hit(s), 0 error(s), 1 left on base; Washington 3 - Bellevue 1
TOP OF THE 7TH
Washington Generals batting - Pitching for Bellevue Bruins : LHP Miguel Jiménez
Batting: RHB Chad Silander 0-0: Swinging Strike
0-1: Ball
1-1: SINGLE (Line Drive, 7S)
Batting: RHB Franklin Rascón 0-0: Ball
1-0: Fielders Choice at 2nd, 4-6 (Groundball, 4)
Batting: RHB Ricardo Bruno 0-0: Ball
1-0: Called Strike
Franklin Rascón steals 2nd base
1-1: Foul Ball, location: 2F
1-2: Ball
Wild Pitch!
Franklin Rascón to third
2-2: DOUBLE (Line Drive, 7LM)
Franklin Rascón scores
Batting: RHB Mike Lipide 0-0: Called Strike
0-1: Swinging Strike
0-2: Strikes out swinging
Batting: RHB Alonso Vielma 0-0: Foul Ball, location: 2F
0-1: Swinging Strike
0-2: Ball
1-2: Ground out 3-1 (Groundball, 34S)
Top of the 7th over - 1 run(s), 2 hit(s), 0 error(s), 1 left on base; Washington 4 - Bellevue 1
BOTTOM OF THE 7TH
Bellevue Bruins batting - Pitching for Washington Generals : LHP Marco Sledge
Batting: RHB Richard Cutshall 0-0: Foul Ball, location: 2F
0-1: Ground out 2-3 (Groundball, 2L)
Batting: SHB Júlio Morín Jr. 0-0: Fly out, F9 (Flyball, 9LMF)
Batting: RHB Ernesto Trevino 0-0: Ball
1-0: Ball
2-0: Called Strike
2-1: Called Strike
2-2: Foul Ball, location: 2F
2-2: Foul Ball, location: 2F
2-2: Strikes out swinging
Bottom of the 7th over - 0 run(s), 0 hit(s), 0 error(s), 0 left on base; Washington 4 - Bellevue 1
TOP OF THE 8TH
Washington Generals batting - Pitching for Bellevue Bruins : LHP Miguel Jiménez
Batting: RHB David Tineo 0-0: Fly out, F2 (Popup, P)
Batting: SHB Pedro Villarreal 0-0: Called Strike
0-1: Swinging Strike
0-2: Ball
1-2: Foul Ball, location: 2F
1-2: Strikes out looking
Batting: RHB Jason Alston 0-0: Called Strike
0-1: Ball
1-1: SINGLE (Line Drive, 4MD)
Pitching: RHP Mike Jenson
Batting: RHB Mauro Deleón 0-0: Ball
1-0: SINGLE (Line Drive, 34D)
Jason Alston to second
Runner from 2nd tries for 3rd, SAFE, throw made to third
Mauro Deleón to second
Batting: RHB Chad Silander 0-0: Ball
1-0: Foul Ball, location: 2F
1-1: Ball
2-1: Swinging Strike
2-2: Strikes out swinging
Top of the 8th over - 0 run(s), 2 hit(s), 0 error(s), 2 left on base; Washington 4 - Bellevue 1
BOTTOM OF THE 8TH
Bellevue Bruins batting - Pitching for Washington Generals : LHP Marco Sledge
Batting: LHB David Muller 0-0: Swinging Strike
0-1: Foul Ball, location: 2F
0-2: Strikes out swinging
Batting: RHB Ramón Ramírez 0-0: Called Strike
0-1: Ball
1-1: Foul Ball, location: 2F
1-2: Foul Ball, location: 2F
1-2: Ball
2-2: Fly out, F8 (Flyball, 8RS)
Batting: RHB Chris Knight 0-0: Called Strike
0-1: Ball
1-1: Ball
2-1: Swinging Strike
2-2: Ground out 6-3 (Groundball, 6)
Bottom of the 8th over - 0 run(s), 0 hit(s), 0 error(s), 0 left on base; Washington 4 - Bellevue 1
TOP OF THE 9TH
Washington Generals batting - Pitching for Bellevue Bruins : RHP Mike Jenson
Pitching: RHP Jin Kwon
Batting: RHB Franklin Rascón 0-0: Foul Ball, location: 2F
0-1: Ball
1-1: Foul Ball, location: 2F
1-2: Foul Ball, location: 2F
1-2: Foul Ball, location: 2F
1-2: SOLO HOME RUN (Flyball, 78XD), Distance : 438 ft
Batting: RHB Ricardo Bruno 0-0: Ball
1-0: Ball
2-0: Foul Ball, location: 2F
2-1: Foul Ball, location: 2F
2-2: Foul Ball, location: 2F
2-2: Ball
3-2: Foul Ball, location: 2F
3-2: Foul Ball, location: 2F
3-2: Fly out, F7 (Flyball, 7)
Batting: RHB Mike Lipide 0-0: Fly out, F8 (Flyball, 8LS)
Batting: RHB Alonso Vielma 0-0: Foul Ball, location: 2F
0-1: Fly out, F9 (Flyball, 9LM)
Top of the 9th over - 1 run(s), 1 hit(s), 0 error(s), 0 left on base; Washington 5 - Bellevue 1
BOTTOM OF THE 9TH
Bellevue Bruins batting - Pitching for Washington Generals : LHP Marco Sledge
Batting: LHB Domingo Colón 0-0: Ball
1-0: Swinging Strike
1-1: Ball
2-1: Foul Ball, location: 2F
2-2: Ball
3-2: Foul Ball, location: 2F
3-2: Strikes out swinging
Batting: SHB Aurelio Jiménez 0-0: Called Strike
0-1: Swinging Strike
0-2: Strikes out swinging, 2-3 out at first.
Batting: RHB Miguel Elías 0-0: Ball
1-0: Foul Ball, location: 2F
1-1: Ball
2-1: Ball
3-1: Fly out, F9 (Flyball, 89S)
Bottom of the 9th over - 0 run(s), 0 hit(s), 0 error(s), 0 left on base; Washington 5 - Bellevue 1
Friday, August 18th, 2017 - OOTP Baseball 17.12 Build 75